 Dungeon Crawl Stone Soup version 0.31-a0-1172-g9944ec47dd (webtiles) character file.

Game seed: 2737596624086516586

357039 dialectric the Impregnable (level 21, -10/204 HPs)
             Began as a Minotaur Fighter on Dec 10, 2023.
             Was the Champion of Jiyva.
             Killed from afar by a tengu reaver (40 damage)
             ... with a bolt of lightning
             ... on level 2 of the Vaults.
             The game lasted 01:41:22 (44725 turns).

dialectric the Impregnable (Minotaur Fighter)      Turns: 44725, Time: 01:41:23

Health: -10/204    AC: 37    Str: 30    XL:     21   Next: 6%
Magic:  29/29      EV: 22    Int: 15    God:    Jiyva [******]
Gold:   3801       SH: 15    Dex: 16    Spells: 20/20 levels left

rFire   + . .        d - +6 long sword of Gobasuv {flame, rCorr}
rCold   + + +        S - +1 buckler {AC+3}
rNeg    + + .        X - +3 chain mail of Marbles {Rampage Drain Fly rC+++}
rPois   +            y - +2 hat
rElec   .            e - +1 cloak of Starlight {*Dazzle EV+4 Stlth--}
rCorr   +            E - +2 pair of gloves
SInv    +            V - +2 pair of boots
Will    +....        p - amulet of reflection Stlth
                     m - ring of Igabey {*Slow rN++ MP+9 Slay+6 SInv}
HPRegen 2.14/turn    h - ring of Descent {Drain rPois Str+6 Int+6}
MPRegen 0.71/turn

%: slow self (1%), reflection, clarity, rampage
@: flying
A: horns 2, retaliatory headbutt, hooves 1, iridescent scales 1, clarity, clever
1, cold resistance 1, fire resistance 1, wild magic 1, tendrils, jelly sensing
items, sturdy frame 3, engulf
}: 3/15 runes: decaying, serpentine, slimy
a: Renounce Religion, Oozemancy, Slimify


You were on level 2 of the Vaults.
You worshipped Jiyva.
Jiyva was exalted by your worship.
You visited 9 branches of the dungeon, and saw 43 of its levels.
You visited the Abyss 1 time.
You also visited: Trove, Bailey, Gauntlet, Ice Cave and Wizlab.

You collected 4769 gold pieces.
You spent 968 gold pieces at shops.

Inventory:

Hand Weapons
 d - the +6 long sword of Gobasuv (weapon) {flame, rCorr}
   (You bought it in a shop on level 2 of the Orcish Mines)

   rCorr:     It protects you from acid and corrosion.
 r - a +7 long sword of draining
 M - a +3 scimitar of flaming
Missiles
 t - 6 throwing nets
Armour
 e - the +1 cloak of Starlight (worn) {*Dazzle EV+4 Stlth--}
   (You found it in a wizard's laboratory)

   *Dazzle:   It may blind those who miss an attack against the wearer in melee
   combat.
   EV+4:      It affects your evasion (+4).
   Stlth--:   It makes you much less stealthy.
 j - a +2 tower shield of reflection
 s - quicksilver dragon scales
 y - a +2 hat (worn)
 B - a +0 kite shield of reflection
 E - a +2 pair of gloves (worn)
 O - a +2 cloak of willpower
 S - a +1 buckler of protection (worn)
 V - a +2 pair of boots (worn)
 X - the +3 chain mail of Marbles (worn) {Rampage Drain Fly rC+++}
   (You bought it in a shop on level 2 of the Orcish Mines)

   rC+++:     It renders you almost immune to cold.
   Fly:       It grants you flight.
   Drain:     It drains your maximum health when unequipped.
   Rampage:   It bestows one free step when moving towards enemies.
Jewellery
 h - the ring of Descent (right hand) {Drain rPois Str+6 Int+6}
   (You found it in a treasure trove)

   [ring of intelligence]

   Str+6:     It affects your strength (+6).
   Int+6:     It affects your intelligence (+6).
   rPois:     It protects you from poison Drain: It drains your maximum health
   when unequipped.
 m - the ring of Igabey (left hand) {*Slow rN++ MP+9 Slay+6 SInv}
   (You found it in a treasure trove)

   [ring of magical power]

   Slay+6:    It affects your accuracy & damage with ranged weapons and melee
   (+6).
   rN++:      It greatly protects you from negative energy.
   MP+9:      It affects your magic capacity (+9).
   SInv:      It lets you see invisible.
   *Slow:     It may slow you when you take damage.
 p - an amulet of reflection (around neck)
 u - an amulet of guardian spirit
 z - the ring "Unwocur" {rC+ rN+ Str+3 Dex+6}
   (You found it on level 12 of the Dungeon)

   [ring of dexterity]

   Str+3:     It affects your strength (+3).
   Dex+6:     It affects your dexterity (+6).
   rC+:       It protects you from cold.
   rN+:       It protects you from negative energy.
 D - the ring "Huckim" {Wiz Contam rElec Will+++ Dex-2}
   (You found it in a treasure trove)

   [ring of wizardry]

   Wiz:       It improves your spell success rate.
   Dex-2:     It affects your dexterity (-2).
   rElec:     It insulates you from electricity.
   Will+++:   It greatly increases your willpower.
   Contam:    It causes magical contamination when unequipped.
 F - a +6 ring of strength
 P - the ring of Teufaudo {Fire rPois Int+5 Dex-2}
   (You found it in a treasure trove)

   [ring of fire]

   Fire:      It enhances your fire magic.
   Int+5:     It affects your intelligence (+5).
   Dex-2:     It affects your dexterity (-2).
   rF+:       It protects you from fire.
   rC-:       It makes you vulnerable to cold.
   rPois:     It protects you from poison
 R - the ring of Ru's Condemnation {rPois rF+ MP+9 SInv}
   (You found it in a Gauntlet)

   [ring of poison resistance]

   rF+:       It protects you from fire.
   rPois:     It protects you from poison MP+9: It affects your magic capacity
   (+9).
   SInv:      It lets you see invisible.
 U - a +5 ring of evasion
 Y - the ring of the Mantidfly {rPois rN++ Int+6}
   (You found it in a treasure trove)

   [ring of intelligence]

   Int+6:     It affects your intelligence (+6).
   rPois:     It protects you from poison rN++: It greatly protects you from
   negative energy.
 Z - the ring "Imeufabb" {rElec MP+9 Dex+3}
   (You found it in a treasure trove)

   [ring of magical power]

   Dex+3:     It affects your dexterity (+3).
   rElec:     It insulates you from electricity.
   MP+9:      It affects your magic capacity (+9).
Wands
 a - a wand of acid (19)
 C - a wand of iceblast (10)
 H - a wand of flame (38)
 J - a wand of paralysis (36)
 K - a wand of mindburst (24)
 L - a wand of digging (5)
Scrolls
 c - a scroll of brand weapon
 g - 2 scrolls of immolation
 i - 3 scrolls of fog
 o - 8 scrolls of teleportation
 w - a scroll of fear
 G - 9 scrolls of blinking
 Q - 3 scrolls of enchant armour
 T - 4 scrolls of butterflies
 W - 4 scrolls of enchant weapon
Potions
 b - 3 potions of enlightenment
 f - 7 potions of attraction
 k - 13 potions of curing
 l - 6 potions of heal wounds
 n - 3 potions of invisibility
 v - 5 potions of cancellation
 x - 8 potions of haste
 A - 7 potions of mutation
 N - 2 potions of might
Miscellaneous
 q - a phantom mirror
 I - a box of beasts (inert)


   Skills:
 - Level 21.0 Fighting
 - Level 14.7(19.1) Short Blades
 + Level 21.4(23.2) Long Blades
 + Level 23.9 Armour
 + Level 13.4 Dodging
 + Level 19.3 Shields


You had 20 spell levels left.
You didn't know any spells.
Your spell library contained the following spells:

 Spells                   Type           Power      Damage    Failure   Level
 Kiss of Death            Conj/Necr      0%         2d5       43%         1
 Magic Dart               Conj           0%         1d3       43%         1
 Necrotise                Necr           0%         1d4       43%         1
 Shock                    Conj/Air       0%         1d3       43%         1
 Sting                    Tmut/Pois      0%         1d3       43%         1
 Blink                    Tloc           0%         N/A       56%         2
 Call Imp                 Summ           0%         N/A       56%         2
 Ensorcelled Hibernation  Hex/Ice        0%         N/A       56%         2
 Jinxbite                 Hex            0%         N/A       56%         2
 Lesser Beckoning         Tloc           0%         N/A       56%         2
 Momentum Strike          Conj/Tloc      0%         3d8       56%         2
 Poisonous Vapours        Pois/Air       0%         N/A       56%         2
 Searing Ray              Conj           0%         2d4       56%         2
 Confusing Touch          Hex            0%         N/A       78%         3
 Gell's Gravitas          Tloc           0%         N/A       78%         3
 Hailstorm                Conj/Ice       0%         3d5       78%         3
 Mephitic Cloud           Conj/Pois/Air  0%         N/A       78%         3
 Swiftness                Air            0%         N/A       78%         3
 Teleport Other           Tloc           0%         N/A       78%         3
 Vampiric Draining        Necr           0%         2d6       78%         3
 Airstrike                Air            0%         2d(0-16)  99%         4
 Anguish                  Hex/Necr       0%         N/A       99%         4
 Animate Armour           Summ/Erth      0%         N/A       99%         4
 Animate Dead             Necr           0%         N/A       99%         4
 Cause Fear               Hex            0%         N/A       99%         4
 Dispel Undead            Necr           0%         3d6       99%         4
 Fulminant Prism          Conj/Hex       0%         3d5       99%         4
 Leda's Liquefaction      Hex/Erth       0%         N/A       99%         4
 Manifold Assault         Tloc           0%         N/A       99%         4
 Olgreb's Toxic Radiance  Pois           0%         N/A       99%         4
 Petrify                  Tmut/Erth      0%         N/A       99%         4
 Summon Ice Beast         Ice/Summ       0%         N/A       99%         4
 Summon Lightning Spire   Summ/Air       0%         N/A       99%         4
 Vhi's Electric Charge    Tloc/Air       0%         N/A       99%         4
 Agony                    Necr           0%         N/A       100%        5
 Fireball                 Conj/Fire      0%         3d3       100%        5
 Iskenderun's Battlesphe  Conj           0%         2d6       100%        5
 Lee's Rapid Deconstruct  Erth           0%         3d4*      100%        5
 Summon Forest            Summ/Tloc      0%         N/A       100%        5
 Summon Mana Viper        Hex/Summ       0%         N/A       100%        5
 Bombard                  Conj/Erth      0%         9d1       100%        6
 Dispersal                Tloc           0%         N/A       100%        6
 Haunt                    Necr/Summ      0%         N/A       100%        7
 Monstrous Menagerie      Summ           0%         N/A       100%        7
 Spellforged Servitor     Conj/Summ      0%         N/A       100%        7
 Disjunction              Tloc           0%         N/A       100%        8
 Infestation              Necr           0%         N/A       100%        8
 Lehudib's Crystal Spear  Conj/Erth      0%         10d2      100%        8
 Chain Lightning          Conj/Air       0%         N/A       100%        9
 Dragon's Call            Summ           0%         N/A       100%        9
 Fire Storm               Conj/Fire      0%         5d1       100%        9
 Shatter                  Erth           0%         3d5*      100%        9


Dungeon Overview and Level Annotations

Branches:
Dungeon (15/15)            Temple (0/1) D:4            Lair (5/5) D:10
  Swamp (4/4) Lair:3        Snake (4/4) Lair:2        Slime (5/5) Lair:4
    Orc (2/2) D:12            Elf (2/3) Orc:2        Vaults (2/5) D:13
 Depths (4/4) D:15         Bailey (visited)           IceCv (visited)
 WizLab (visited)         Gauntlet (visited)
  Crypt: Vaults:2-3     Zot: Depths:4

Altars:
Cheibriados
Elyvilon
Fedhas
Gozag
Hepliaklqana
Makhleb
Nemelex Xobeh
Okawaru
Qazlal
Ru
Sif Muna
Trog
Uskayaw
Wu Jian
Xom
Zin
Jiyva

Shops:
D:8 *   D:13 (   D:15 *   Orc:2 (=*[*   Snake:4 =   Depths:1 (:=:   Depths:2 :
Depths:3 *

Portals:
Hell: Depths:1 Depths:2 Depths:3 Depths:4
Abyss: Depths:3
Pandemonium: Depths:2
Ziggurat: Depths:2

Annotations:
D:9 1 runed translucent door
Elf:1 3 runed translucent doors, SecretSquirrel's ghost, adept DsGl
Elf:2 5 runed translucent doors


Innate Abilities, Weirdness & Mutations

You have a pair of horns on your head.
You reflexively headbutt those who attack you in melee.
You have large cloven feet.
You are partially covered in iridescent scales. (AC +2)
You possess an exceptional clarity of mind.
Your mind is acute. (Int +4, Str/Dex -1)
Your flesh is cold resistant. (rC+)
Your flesh is heat resistant. (rF+)
Your spells are a little harder to cast, but a little more powerful.
You are covered in slimy tendrils that may disarm your opponents.
You have a small jelly attached to you that senses nearby items.
Your movements are significantly less encumbered by armour. (ER -6)
Your melee attacks may engulf your foes in ooze.


Message History

You block the storm dragon's attack. x2
The storm dragon tramples you but does no damage.
Something hits the slime creature!
The vault warden hits you!!
The vault sentinel hums to itself desperately, trying to keep calm.
The deep elf annihilator hits you with a +0 spear!
You hit the deep elf annihilator. You burn the deep elf annihilator.
You headbutt the deep elf annihilator!
The deep elf annihilator is severely wounded.
You are no longer corroded.
The slime creature closely misses something.
The storm dragon bites you but does no damage.
You block the storm dragon's attack. x2
You slash the deep elf annihilator! You burn the deep elf annihilator.
The deep elf annihilator is almost dead.
The deep elf annihilator is asphyxiated!
You block the tengu reaver's attack.
The tengu reaver pecks you but does no damage.
The tengu reaver claws you but does no damage.
Something hits the slime creature!!
The slime creature dies!
The ettin returns to its original shape as it dies.
You block the vault warden's attack. The deep elf annihilator misses you.
You closely miss the deep elf annihilator.
You headbutt the deep elf annihilator.
You kill the deep elf annihilator!
The storm dragon bites you. You block the storm dragon's attack. x2
The tengu reaver misses you. You furiously retaliate!
You headbutt the tengu reaver.
The tengu reaver pecks you but does no damage.
The tengu reaver closely misses you. The vault warden hits you!!
* * * LOW HITPOINT WARNING * * *
You barely miss the vault warden. Your headbutt misses the vault warden.
The vault warden is moderately wounded.
The storm dragon breathes lightning at you.
The bolt of lightning hits you!!
* * * LOW HITPOINT WARNING * * *
The bolt of lightning misses you. The tengu reaver casts a spell at you.
The bolt of lightning hits you!!!
You die...

' #...# ###...#..#.p.#
#...#
##...#......#...##...#
#............... #...#
#..............p #...#
#...#......#... #...#
#...#..#...# #...#
'#.pD)..#, #...#
#Q@..# #...# #..).#
#...# ##))## #...#
#++########...#
#......#......#
#......'......#
#......#......#
#......#......#
#......#....J.#


You could see a storm dragon, a vault warden (strong), a tengu reaver (strong,
repels missiles), a vault sentinel and an ironbound convoker.

Vanquished Creatures
  Mara (Swamp:3)
  A juggernaut (Depths:4)
  Bai Suzhen (Swamp:3)
  A caustic shrike (Depths:3)
  2 golden dragons
  Nikola (Vaults:1)
  A bone dragon (Depths:4)
  Rupert (D:13)
  A Hell Sentinel (Abyss:2)
  Jorgrun (D:12)
  3 liches
  A titan (Depths:2)
  A quicksilver dragon (Depths:3)
  4 tentacled monstrosities
  A walking frostbound tome (Depths:3)
  An eldritch tentacle (WizLab)
  4 tentacled starspawn
  A storm dragon (Depths:4)
  2 tengu reavers (Depths:2)
  A thorn hunter (Swamp:4)
  5 nagarajas (Snake:4)
  6 fire giants
  2 fenstrider witches (Swamp:4)
  2 iron dragons
  Louise (Swamp:1)
  3 vault wardens (Vaults:1)
  4 frost giants
  A deep elf sorcerer (Elf:2)
  2 ghost moths (WizLab)
  An orc warlord (Orc:2)
  3 juggernaut skeletons
  5 reapers
  4 ironbound preservers
  A caustic shrike skeleton (Depths:2)
  21 very ugly things
  4 ironbound thunderhulks
  A broodmother (WizLab)
  10 stone giants
  3 dire elephants (Lair:5)
  A green draconian (Depths:4)
  2 vampire knights
  3 bunyips
  6 eleionomae
  A deep elf annihilator (Vaults:2)
  Azrael (D:13)
  A lorocyproca (Depths:2)
  A minotaur (Gauntlet)
  3 spark wasps (Depths:3)
  A purple draconian (Depths:4)
  2 white draconians (Depths:4)
  A deep elf death mage (Elf:2)
  10 ettins
  7 fire dragons
  3 deep elf high priests (Vaults:1)
  A yaktaur captain (Vaults:1)
  2 entropy weavers (WizLab)
  Josephine (D:14)
  12 hydras
  Fannar (Lair:2)
  9 rakshasas
  5 ice dragons
  3 shambling mangroves
  Harold (Lair:2)
  17 alligators
  2 salamander tyrants (Snake:4)
  2 ghost crabs
  The ghost of Phlounder the Thaumaturge, a journeyman DjIE of Makhleb (D:10)
  7 ironbound frosthearts
  The ghost of Redygell the Cleaver, a journeyman DsGl of Trog (D:11)
  An ogre mage (Swamp:4)
  4 spriggan air magi
  2 catoblepae
  Erica (Lair:1)
  6 centaur warriors
  2 death knights (D:15)
  4 anacondas
  2 two-headed ogres
  A deep troll shaman (Depths:1)
  A sphinx skeleton (Depths:1)
  25 naga warriors
  7 boulder beetles
  7 dancing weapons
  7 tengu warriors
  4 shock serpents
  2 deep troll earth magi (Depths:2)
  A vampire mage (Depths:2)
  A thrashing horror (Abyss:2)
  5 occultists
  14 naga sharpshooters
  4 orc high priests (Orc:2)
  A shock serpent (shapeshifter) (Depths:3)
  A demonic crawler (WizLab)
  A spectral dire elephant (Lair:5)
  5 spriggan berserkers
  4 deep elf knights
  4 soul eaters
  A sun demon (Abyss:2)
  3 skeletal warriors (D:14)
  2 wretched stars (Abyss:2)
  2 hell knights
  3 goliath frogs
  Amaemon (Lair:2)
  2 skysharks
  A salamander mystic (Snake:4)
  A spectral anaconda (Lair:5)
  3 flayed ghosts
  5 naga ritualists
  2 sixfirhies (Swamp:4)
  A death drake (Swamp:4)
  9 spriggan druids
  12 deep trolls
  4 bog bodies (Swamp:1)
  2 deep elf archers (Elf:1)
  5 swamp dragons
  3 ironbound convokers
  3 obsidian statues
  2 arcanists (Vaults:1)
  A harpy (Vaults:1)
  4 mana vipers
  6 lindwurms
  9 deep elf zephyrmancers
  14 deep elf pyromancers
  6 necromancers
  5 orc sorcerers
  7 orc knights
  A shadow dragon skeleton (Depths:1)
  A tengu skeleton (Depths:1)
  32 ugly things
  A manticore (D:13)
  A cyclops (D:15)
  9 salamanders
  2 will-o-the-wisps
  A stone giant skeleton (Abyss:2)
  31 black mambas
  14 elephants
  3 vault sentinels
  A black mamba (shapeshifter) (Abyss:2)
  2 worldbinders (WizLab)
  16 naga magi
  3 guardian serpents
  A molten gargoyle (Lair:5)
  4 smoke demons (Abyss:2)
  3 orange demons
  An orc skeleton (Abyss:2)
  11 cane toads
  A dire elephant skeleton (WizLab)
  3 gargoyles
  2 unseen horrors
  4 efreet
  2 elf skeletons (Vaults:2)
  9 rime drakes
  A rime drake (shapeshifter) (D:11)
  An unseen horror (shapeshifter) (Elf:1)
  5 komodo dragons
  3 freezing wraiths (D:15)
  2 tengu conjurers
  A yaktaur (Vaults:1)
  3 ancient zymes (Abyss:2)
  3 ice devils
  5 trolls
  4 hellwings
  2 polar bears
  6 hornets
  10 tyrant leeches
  6 meliai (D:13)
  6 raiju
  11 blink frogs
  2 ettin zombies
  A dream sheep (Lair:3)
  2 spectral elephants (Lair:5)
  A jumping spider (WizLab)
  5 slime creatures
  4 spriggans (Swamp:1)
  3 flying skulls (Abyss:2)
  An air elemental (Orc:2)
  3 water elementals
  3 ynoxinuls
  A spriggan (shapeshifter) (D:14)
  8 wyverns
  A small abomination (Abyss:2)
  7 wraiths
  3 shadows
  A dire elephant simulacrum (Lair:5)
  66 yaks
  8 basilisks
  4 fire bats (Lair:2)
  16 humans (D:13)
  4 redbacks (WizLab)
  9 vampire mosquitoes
  A hog (Swamp:1)
  2 chaos spawn (Swamp:4)
  3 death yak simulacra
  5 fire elementals
  4 wargs
  A spectral cane toad (Lair:5)
  A steam dragon (Lair:2)
  5 neqoxecs
  64 nagas
  13 swamp worms
  6 hell hounds
  12 water moccasins
  A black bear (D:6)
  2 elephant zombies (Lair:5)
  3 ice beasts
  A sky beast (D:7)
  2 swamp drakes
  An ettin simulacrum (Abyss:2)
  29 orc warriors
  9 ogres
  3 boggarts (WizLab)
  An elephant skeleton (Lair:5)
  7 wolves (Lair:4)
  5 centaurs
  A phantom (D:5)
  4 kobold brigands
  10 bullfrogs
  2 gnoll sergeants
  3 earth elementals
  4 scorpions
  2 cane toad simulacra (Lair:5)
  9 wights
  2 elephant simulacra (Lair:5)
  A human simulacrum (Vaults:2)
  3 killer bees (D:8)
  6 howler monkeys
  3 electric eels (Lair:4)
  A lava snake (Lair:2)
  A jelly (D:5)
  6 hounds
  4 gnoll boudas
  7 orc priests
  25 starcursed masses
  4 iguanas
  3 sleepcaps
  15 orc wizards
  6 hell rats
  A polar bear simulacrum (IceCv)
  2 spriggan simulacra (IceCv)
  A troll simulacrum (IceCv)
  A mummy (D:6)
  Robin (D:4)
  28 gnolls
  7 adders
  2 shadow imps
  16 white imps
  3 ufetubi
  2 worms (D:3)
  3 dart slugs (D:1)
  57 orcs
  15 endoplasms
  4 giant cockroaches
  12 goblins
  7 hobgoblins
  10 jackals
  4 quokkas
  11 ball pythons
  2 bats
  10 frilled lizards
  27 kobolds
  5 rats
1368 creatures vanquished.

Vanquished Creatures (collateral kills)
  Norris (Depths:3)
  Donald (Swamp:4)
  A fenstrider witch (Swamp:4)
  A skyshark (Depths:3)
  A necromancer (Depths:1)
5 creatures vanquished.

Vanquished Creatures (others)
  An acid blob (Depths:2)
  An eldritch tentacle (WizLab)
  2 azure jellies
  An ettin (Depths:2)
  A purple draconian (Depths:4)
  3 great orbs of eyes
  A yaktaur captain (Depths:4)
  A great orb of eyes (shapeshifter) (Depths:2)
  A rakshasa (Abyss:2)
  An ironbound frostheart (D:13)
  A centaur warrior (D:14)
  A two-headed ogre (D:13)
  5 glowing orange brains
  A lindwurm (D:13)
  A deep troll (D:13)
  A deep elf pyromancer (D:13)
  A manticore (D:14)
  An ugly thing (D:14)
  A yaktaur (Vaults:1)
  A glass eye (Depths:2)
  2 bloated husks
  A polar bear (shapeshifter) (D:11)
  A dream sheep (Vaults:2)
  18 slime creatures
  A hog (Swamp:1)
  A water elemental (Abyss:2)
  A basilisk (D:14)
  2 nagas (Snake:4)
  2 orc warriors (D:13)
  110 jellies
  An endoplasm (Snake:4)
  An orc (D:13)
  A kobold (D:10)
  12 foxfires
  2 lurking horrors (Abyss:2)
  8 starspawn tentacles
191 creatures vanquished.

Grand Total: 1564 creatures vanquished

Notes
Turn   | Place    | Note
-------+----------+-------------------------------------------
     0 | D:1      | dialectric the Minotaur Fighter began the quest for the
                  | Orb.
     0 | D:1      | Reached XP level 1. HP: 19/19 MP: 0/0
   136 | D:1      | Reached XP level 2. HP: 21/27 MP: 1/1
   298 | D:1      | Reached skill level 1 in Dodging
   338 | D:1      | Reached skill level 4 in Armour
   399 | D:1      | Reached XP level 3. HP: 33/33 MP: 2/2
   903 | D:2      | Reached XP level 4. HP: 40/40 MP: 3/3
  1724 | D:3      | Reached XP level 5. HP: 47/47 MP: 4/4
  2261 | D:4      | Reached skill level 5 in Fighting
  2261 | D:4      | Reached skill level 5 in Armour
  2275 | D:4      | Found a hazy altar of Hepliaklqana.
  2368 | D:4      | Found a staircase to the Ecumenical Temple.
  2409 | D:4      | Noticed an ogre
  2412 | D:5      | Entered Level 5 of the Dungeon
  2423 | D:5      | Reached XP level 6. HP: 34/56 MP: 5/5
  2524 | D:5      | Noticed an ice beast
  2640 | D:6      | Killed an ice beast
  2641 | D:6      | Reached skill level 5 in Long Blades
  2641 | D:6      | Reached XP level 7. HP: 62/62 MP: 6/6
  2930 | D:5      | Found a bloodstained altar of Trog.
  3014 | D:5      | Reached skill level 6 in Armour
  3224 | D:5      | Found a sacrificial altar of Ru.
  3870 | D:4      | Found a shimmering altar of Xom.
  3875 | D:4      | Noticed Robin
  3898 | D:4      | Reached XP level 8. HP: 64/71 MP: 7/7
  3910 | D:4      | Killed Robin
  3911 | D:4      | Reached skill level 5 in Dodging
  3966 | D:4      | Found a shimmering blue altar of Sif Muna.
  4000 | D:4      | Found an ornate altar of the Wu Jian Council.
  4080 | D:4      | Reached skill level 7 in Armour
  5584 | D:6      | Reached skill level 8 in Armour
  5733 | D:6      | Found a snail-covered altar of Cheibriados.
  5769 | D:6      | Found an opulent altar of Gozag.
  5791 | D:6      | Reached XP level 9. HP: 73/77 MP: 8/8
  6050 | D:7      | Found a hide-covered altar of Uskayaw.
  6352 | D:7      | Identified the +0 sling "Arbiter" {freeze, rF- Str+6}
  6424 | D:7      | Reached skill level 9 in Armour
  6939 | D:7      | Found a stormy altar of Qazlal.
  7250 | D:8      | Found a sparkling altar of Nemelex Xobeh.
  7434 | D:8      | Found a flagged portal.
  7443 | Bailey   | Entered a bailey
  7554 | Bailey   | Reached skill level 10 in Armour
  7640 | Bailey   | Noticed an orc knight
  7659 | Bailey   | Killed an orc knight
  7660 | Bailey   | Reached XP level 10. HP: 45/90 MP: 9/9
  7678 | Bailey   | Found a large runed translucent door.
  7678 | Bailey   | Found a large runed translucent door.
  7679 | Bailey   | Noticed a deep elf pyromancer
  7776 | Bailey   | Killed a deep elf pyromancer
  7777 | Bailey   | Reached skill level 10 in Long Blades
  8340 | D:8      | Found a white marble altar of Elyvilon.
  8743 | D:9      | Noticed a two-headed ogre
  8744 | D:8      | Found Zin's Purification Station.
  8744 | D:8      | Found a glowing silver altar of Zin.
  9186 | D:9      | Found a runed translucent door.
  9194 | D:9      | Found a burning altar of Makhleb.
  9194 | D:9      | Noticed a sixfirhy
  9231 | D:10     | Entered Level 10 of the Dungeon
  9258 | D:10     | Reached skill level 11 in Armour
  9518 | D:10     | Found a runed translucent door.
  9663 | D:10     | Noticed Phlounder's ghost (journeyman DjIE)
  9724 | D:10     | Noticed a gargoyle
  9731 | D:10     | Reached skill level 10 in Fighting
  9733 | D:10     | Killed a gargoyle
  9791 | D:10     | Reached XP level 11. HP: 34/101 MP: 10/10
 10237 | D:10     | Found a staircase to the Lair.
 10422 | D:11     | Reached skill level 12 in Armour
 10433 | D:11     | Noticed a two-headed ogre
 10450 | D:11     | Killed a two-headed ogre
 10576 | D:11     | Found a runed translucent gate.
 10714 | D:11     | Noticed a boulder beetle
 10731 | D:11     | Killed a boulder beetle
 11003 | D:11     | Found a frozen archway.
 11013 | IceCv    | Entered an ice cave
 11718 | D:11     | Found a runed translucent gate.
 11718 | D:11     | Found a runed translucent gate.
 11718 | D:11     | Noticed a red ugly thing
 11718 | D:11     | Noticed a brown ugly thing
 11718 | D:11     | Noticed a red ugly thing
 11719 | D:11     | Noticed a brown ugly thing
 11945 | D:12     | Reached skill level 13 in Armour
 12082 | D:12     | Identified the ring "Unwocur" {rC+ rN+ Str+3 Dex+6}
 12101 | D:12     | Noticed a deep elf pyromancer
 12107 | D:12     | Killed a deep elf pyromancer
 12143 | D:12     | Noticed a cyan ugly thing
 12149 | D:12     | Killed a cyan ugly thing
 12337 | Lair:1   | Entered Level 1 of the Lair of Beasts
 12337 | Lair:1   | Noticed a boulder beetle
 12352 | Lair:1   | Killed a boulder beetle
 12745 | Lair:1   | Reached XP level 12. HP: 86/110 MP: 11/11
 13030 | Lair:1   | Noticed Erica
 13089 | Lair:1   | Killed Erica
 13549 | Lair:2   | Reached skill level 14 in Armour
 13621 | Lair:2   | Noticed Fannar
 13634 | Lair:2   | Killed Fannar
 13878 | Lair:2   | Noticed Amaemon
 13889 | Lair:2   | Killed Amaemon
 13895 | Lair:2   | Noticed Harold
 13906 | Lair:2   | Killed Harold
 13907 | Lair:2   | Reached skill level 10 in Dodging
 14283 | Lair:2   | Noticed a seven-headed hydra
 14295 | Lair:2   | Killed a five-headed hydra
 14660 | Lair:2   | Found a staircase to the Snake Pit.
 15133 | Lair:3   | Found a staircase to the Swamp.
 15215 | Lair:3   | Noticed a catoblepas
 15245 | Lair:3   | Killed a catoblepas
 15246 | Lair:3   | Reached skill level 15 in Armour
 15508 | Lair:3   | Reached skill level 15 in Long Blades
 15768 | Lair:3   | Noticed a seven-headed hydra
 16037 | Lair:3   | Killed a 13-headed hydra
 16038 | Lair:3   | Reached XP level 13. HP: 19/116 MP: 12/12
 17224 | Lair:5   | Entered Level 5 of the Lair of Beasts
 17379 | Lair:5   | Reached skill level 16 in Armour
 18220 | Lair:5   | Reached skill level 5 in Shields
 18398 | Lair:5   | Found the +3 salamander hide armour {Flames, rFlCloud rF++
                  | rC--}
 18398 | Lair:5   | Noticed a dire elephant
 18398 | Lair:5   | Noticed a dire elephant
 18398 | Lair:5   | Noticed a dire elephant
 19369 | Lair:4   | Found a viscous altar of Jiyva.
 19369 | Lair:4   | Found a staircase to the Slime Pits.
 20010 | D:12     | Found a staircase to the Orcish Mines.
 20135 | D:13     | Noticed Rupert
 20135 | D:13     | Found a gate to the Vaults.
 20156 | D:13     | Reached XP level 14. HP: 93/126 MP: 13/13
 20187 | D:13     | Killed Rupert
 20220 | D:13     | Reached skill level 17 in Armour
 20872 | D:12     | Noticed Jorgrun
 20887 | D:12     | Killed Jorgrun
 21208 | Orc:1    | Entered Level 1 of the Orcish Mines
 21491 | Orc:2    | Entered Level 2 of the Orcish Mines
 22011 | Orc:2    | Found Xaaf Pepn's Jewellery Boutique.
 22225 | Orc:2    | Found a staircase to the Elven Halls.
 22228 | Orc:2    | Found Ceuwaner's General Store.
 22300 | Orc:2    | Bought a scroll of enchant armour for 105 gold pieces
 22587 | Orc:2    | Found Yha Ekh's Antique Armour Emporium.
 22608 | Orc:2    | Bought an encrusted chain mail for 342 gold pieces
 22608 | Orc:2    | Identified the +3 chain mail of Marbles {Rampage Drain Fly
                  | rC+++} (You bought it in a shop on level 2 of the Orcish
                  | Mines)
 22632 | Orc:2    | Noticed an orc warlord
 22710 | Orc:2    | Killed an orc warlord
 23173 | Orc:2    | Found Haroshre's Antique Weapon Shoppe.
 23312 | Orc:2    | Found Liom's Assorted Antiques.
 23320 | Orc:2    | Bought a crude long sword for 263 gold pieces
 23320 | Orc:2    | Identified the +6 long sword of Gobasuv {flame, rCorr} (You
                  | bought it in a shop on level 2 of the Orcish Mines)
 23415 | Elf:1    | Entered Level 1 of the Elven Halls
 23658 | Slime:1  | Entered Level 1 of the Pits of Slime
 23658 | Slime:1  | Noticed an acid blob
 23662 | Lair:4   | Became a worshipper of Jiyva Jodidgh the Shapeless
 23880 | D:13     | Noticed Azrael
 23889 | D:13     | Killed Azrael
 23981 | D:13     | You are sucked into a shaft and drop 1 floor!
 24002 | D:14     | Identified the +4 scale mail "Niahic" {Will+ Str+3}
 24027 | D:14     | Found a portal to a secret trove of treasure.
 24036 | Trove    | Entered a treasure trove
 24040 | Trove    | Identified the ring of the Mantidfly {rPois rN++ Int+6}
 24042 | Trove    | Identified the ring "Imeufabb" {rElec MP+9 Dex+3}
 24044 | Trove    | Identified the ring of Teufaudo {Fire rPois Int+5 Dex-2}
 24045 | Trove    | Identified the ring of Descent {Drain rPois Str+6 Int+6}
 24078 | Trove    | Identified the ring of Igabey {*Slow rN++ MP+9 Slay+6 SInv}
 24100 | Trove    | Identified the ring "Huckim" {Wiz Contam rElec Will+++
                  | Dex-2}
 24281 | D:14     | Found a gate leading to a gauntlet.
 24292 | Gauntlet | Entered a Gauntlet
 24292 | Gauntlet | Found a transporter.
 24292 | Gauntlet | Found a transporter.
 24292 | Gauntlet | Found a transporter.
 24304 | Gauntlet | Found a transporter.
 24304 | Gauntlet | Found a transporter.
 24322 | Gauntlet | Found a transporter.
 24322 | Gauntlet | Found a transporter.
 24334 | Gauntlet | Reached skill level 18 in Armour
 24348 | Gauntlet | Identified the +4 ring mail of Eternity {rF+}
 24353 | Gauntlet | Found a transporter.
 24366 | Gauntlet | Identified the ring of Ru's Condemnation {rPois rF+ MP+9
                  | SInv}
 24368 | Gauntlet | Identified the +6 flail of Vivem {drain, rC+ rCorr}
 24380 | Gauntlet | Found a transporter.
 24390 | Gauntlet | Identified the +9 war axe of Defiance {vamp, Str+3}
 24390 | Gauntlet | Identified the ring "Pibik" {Fly rPois Int+3}
 24409 | Gauntlet | Identified the +1 ring mail of Immorality {Fly}
 24410 | Gauntlet | Got the Grimoire of the Door
 24585 | D:14     | Reached XP level 15. HP: 127/138 MP: 14/14
 24848 | D:14     | Noticed Josephine
 24854 | D:14     | Killed Josephine
 24855 | D:14     | Reached skill level 10 in Shields
 24951 | D:15     | Entered Level 15 of the Dungeon
 25234 | D:14     | Found an opulent altar of Gozag.
 25760 | Lair:3   | Reached * piety under Jiyva
 26491 | Lair:5   | Reached skill level 15 in Fighting
 26844 | Swamp:1  | Entered Level 1 of the Swamp
 26871 | Swamp:1  | Reached skill level 19 in Armour
 26958 | Swamp:1  | Noticed Louise
 27246 | Elf:1    | Paralysed by an air elemental for 1 turns
 27372 | Elf:1    | Found a runed translucent gate.
 27373 | Elf:1    | Found a runed translucent gate.
 27374 | Elf:1    | Found a runed translucent gate.
 27374 | Elf:1    | Noticed SecretSquirrel's ghost (adept DsGl)
 27429 | Elf:1    | Reached ** piety under Jiyva
 27642 | Elf:1    | Identified the +1 ring mail "Idegus" {Regen+ Str+2}
 27932 | Elf:1    | Reached XP level 16. HP: 149/151 MP: 15/15
 28177 | Elf:2    | Found a huge runed translucent gate.
 28177 | Elf:2    | Found a huge runed translucent gate.
 28177 | Elf:2    | Found a huge runed translucent gate.
 28177 | Elf:2    | Found a huge runed translucent gate.
 28179 | Elf:2    | Found a huge runed translucent gate.
 28309 | Elf:2    | Reached *** piety under Jiyva
 28316 | Elf:2    | Noticed a Hell Sentinel
 28577 | D:15     | Found a staircase to the Depths.
 28849 | D:15     | Found Leregon's Assorted Antiques.
 28861 | D:15     | Bought a scroll of teleportation for 78 gold pieces
 29131 | Depths:1 | Entered Level 1 of the Depths
 29244 | D:11     | Reached skill level 20 in Armour
 29262 | D:11     | Found a runed translucent gate.
 29262 | D:11     | Found a runed translucent gate.
 29266 | D:11     | Noticed Redygell's ghost (journeyman DsGl)
 29268 | D:11     | Found a runed translucent gate.
 29309 | D:11     | Killed Redygell's ghost
 29338 | D:11     | Gained mutation: You are robust. (+10% HP) [mutagenic glow]
 29354 | D:10     | Gained mutation: Your spells are a little easier to cast,
                  | but a little less powerful. [mutagenic glow]
 29421 | Snake:1  | Entered Level 1 of the Snake Pit
 29567 | Snake:1  | Gained mutation: You have a small jelly attached to you
                  | that senses nearby items. [Jiyva's grace]
 29567 | Snake:1  | Gained mutation: You have hidden genetic potential.
                  | [Jiyva's grace]
 29567 | Snake:1  | Gained mutation: You have great hidden genetic potential.
                  | [Jiyva's grace]
 29567 | Snake:1  | Gained mutation: You are partially covered in iridescent
                  | scales. (AC +2) [Jiyva's grace]
 29650 | Snake:1  | Reached **** piety under Jiyva
 30874 | Snake:3  | Reached skill level 1 in Short Blades
 30885 | Snake:3  | Reached ***** piety under Jiyva
 30910 | Snake:3  | Lost mutation: Your spells are a little easier to cast, but
                  | a little less powerful. [Jiyva's grace]
 30910 | Snake:3  | Gained mutation: Your flesh is heat resistant. (rF+)
                  | [Jiyva's grace]
 30910 | Snake:3  | Gained mutation: Your flesh is very heat resistant. (rF++)
                  | [Jiyva's grace]
 30910 | Snake:3  | Gained mutation: Your flesh is almost immune to the effects
                  | of heat. (rF+++) [Jiyva's grace]
 30910 | Snake:3  | Gained mutation: You possess an exceptional clarity of
                  | mind. [Jiyva's grace]
 31836 | Slime:1  | Noticed an acid blob
 32241 | Swamp:2  | Reached XP level 17. HP: 178/178 MP: 16/16
 32301 | Swamp:2  | You are sucked into a shaft and drop 1 floor!
 32308 | Swamp:3  | Reached skill level 5 in Short Blades
 32481 | Swamp:3  | Noticed Mara
 32503 | Swamp:3  | Killed Mara
 32625 | Swamp:3  | Noticed Bai Suzhen
 32650 | Swamp:3  | Killed Bai Suzhen
 32793 | Swamp:3  | Noticed a tentacled monstrosity
 32818 | Swamp:3  | Killed a tentacled monstrosity
 32925 | Swamp:4  | Entered Level 4 of the Swamp
 32953 | Swamp:4  | Reached skill level 15 in Shields
 33003 | Swamp:4  | Reached skill level 21 in Armour
 33052 | Swamp:4  | Gained mutation: You passively map a small area around you.
                  | [hidden potential]
 33085 | Swamp:4  | Lost mutation: Your flesh is almost immune to the effects
                  | of heat. (rF+++) [Jiyva's grace]
 33085 | Swamp:4  | Lost mutation: You passively map a small area around you.
                  | [Jiyva's grace]
 33085 | Swamp:4  | Lost mutation: You have great hidden genetic potential.
                  | [Jiyva's grace]
 33085 | Swamp:4  | Gained mutation: Your system is resistant to poisons.
                  | (rPois) [Jiyva's grace]
 33085 | Swamp:4  | Gained mutation: Your flesh is cold resistant. (rC+)
                  | [Jiyva's grace]
 33085 | Swamp:4  | Gained mutation: Your flesh is very cold resistant. (rC++)
                  | [Jiyva's grace]
 33085 | Swamp:4  | Gained mutation: Your flesh is almost immune to the effects
                  | of cold. (rC+++) [Jiyva's grace]
 33130 | Swamp:4  | Gained mutation: Your body sometimes deteriorates upon
                  | taking damage. [a neqoxec]
 33163 | Swamp:4  | Noticed a tentacled monstrosity
 33173 | Swamp:4  | Killed a tentacled monstrosity
 33216 | Swamp:4  | Identified the +0 kite shield of Defiance {rN+}
 33216 | Swamp:4  | Noticed Donald
 33229 | Swamp:4  | Killed Donald
 33527 | Swamp:4  | Reached ****** piety under Jiyva
 33732 | Slime:3  | Noticed an acid blob
 33762 | Slime:5  | Entered Level 5 of the Pits of Slime
 33765 | Slime:5  | Noticed an acid blob
 33771 | Slime:5  | Identified the ring "Roluixt" {rCorr AC+4 Dex+5 Slay-2}
 33774 | Slime:5  | Identified the +4 robe "Ypuax" {rPois rF- rC+}
 33784 | Slime:5  | Found a viscous altar of Jiyva.
 33804 | Slime:5  | Identified the ring "Jifevit" {rF+ rC- rN++ Int+4}
 33805 | Slime:5  | Noticed an acid blob
 33806 | Slime:5  | Got the Guidebook on Chilled Topography
 33819 | Slime:5  | Got a slimy rune of Zot
 33821 | Slime:5  | Identified the +3 falchion "Batiugubb" {heavy, rElec rF+++
                  | Will- MP-9}
 33827 | Slime:5  | Noticed an acid blob
 33871 | Slime:3  | Noticed an acid blob
 34062 | Snake:4  | Entered Level 4 of the Snake Pit
 34511 | Snake:4  | Reached XP level 18. HP: 182/190 MP: 17/17
 34580 | Snake:4  | Reached skill level 10 in Short Blades
 34700 | Snake:4  | Found Unemp's Jewellery Emporium.
 35466 | Snake:4  | Got a serpentine rune of Zot
 35784 | Vaults:1 | Entered Level 1 of the Vaults
 35795 | Vaults:1 | Noticed Nikola
 35810 | Vaults:1 | Killed Nikola
 35853 | Vaults:1 | Gained mutation: You are mostly covered in iridescent
                  | scales. (AC +4) [hidden potential]
 35853 | Vaults:1 | Lost mutation: You have hidden genetic potential. [hidden
                  | potential expressed]
 36352 | D:13     | Found Erphudofi's Antique Weapon Emporium.
 36600 | D:13     | Lost mutation: Your flesh is almost immune to the effects
                  | of cold. (rC+++) [Jiyva's grace]
 36600 | D:13     | Lost mutation: You are robust. (+10% HP) [Jiyva's grace]
 36600 | D:13     | Lost mutation: You have a small jelly attached to you that
                  | senses nearby items. [Jiyva's grace]
 36600 | D:13     | Gained mutation: Your muscles are strong. (Str +4, Int/Dex
                  | -1) [Jiyva's grace]
 36600 | D:13     | Gained mutation: Your muscles are very strong. (Str +8,
                  | Int/Dex -2) [Jiyva's grace]
 36600 | D:13     | Gained mutation: You have a pair of large horns on your
                  | head. [Jiyva's grace]
 36600 | D:13     | Gained mutation: Your spells are a little harder to cast,
                  | but a little more powerful. [Jiyva's grace]
 36894 | Depths:1 | Found Juelludocw's Antique Weapon Boutique.
 36990 | Depths:1 | Reached skill level 22 in Armour
 37045 | Depths:1 | Found a blossoming altar of Fedhas.
 37377 | Depths:1 | Found Pirroam's Book Boutique.
 37379 | Depths:1 | Found Pikirag's Jewellery Shoppe.
 37380 | Depths:1 | Found Bioghahinu's Book Boutique.
 37477 | Depths:1 | Noticed a lich
 37487 | Depths:1 | Killed a lich
 37545 | Depths:1 | Found a gateway to Hell.
 37733 | Depths:2 | Noticed a lich
 37737 | Depths:2 | Noticed a golden dragon
 37750 | Depths:2 | Killed a lich
 37950 | Depths:2 | Found a magical portal.
 37991 | Depths:2 | Killed a golden dragon
 38036 | Depths:2 | Reached XP level 19. HP: 131/183 MP: 18/18
 38122 | WizLab   | Entered The Roulette of Golubria
 38122 | WizLab   | Found a transporter.
 38125 | WizLab   | Found the +1 cloak of Starlight {*Dazzle EV+4 Stlth--}
 38125 | WizLab   | Found a corrupted altar of Lugonu.
 38157 | WizLab   | Found a transporter.
 38174 | WizLab   | Found a transporter.
 38236 | WizLab   | Found a corrupted altar of Lugonu.
 38308 | WizLab   | Found a transporter.
 38341 | WizLab   | Found a transporter.
 38343 | WizLab   | Found a corrupted altar of Lugonu.
 38386 | WizLab   | Found a transporter.
 38391 | WizLab   | Found a transporter.
 38448 | WizLab   | Found a transporter.
 38572 | WizLab   | Found a transporter.
 38591 | WizLab   | Found a transporter.
 38591 | WizLab   | Found a transporter.
 38614 | WizLab   | Found a corrupted altar of Lugonu.
 38619 | WizLab   | Lost mutation: You are mostly covered in iridescent scales.
                  | (AC +4) [Jiyva's grace]
 38619 | WizLab   | Lost mutation: Your body sometimes deteriorates upon taking
                  | damage. [Jiyva's grace]
 38619 | WizLab   | Lost mutation: Your flesh is very heat resistant. (rF++)
                  | [Jiyva's grace]
 38619 | WizLab   | Lost mutation: Your system is resistant to poisons. (rPois)
                  | [Jiyva's grace]
 38619 | WizLab   | Lost mutation: Your muscles are very strong. (Str +8,
                  | Int/Dex -2) [Jiyva's grace]
 38619 | WizLab   | Lost mutation: Your muscles are strong. (Str +4, Int/Dex
                  | -1) [Jiyva's grace]
 38619 | WizLab   | Gained mutation: Your mind is acute. (Int +4, Str/Dex -1)
                  | [Jiyva's grace]
 38619 | WizLab   | Gained mutation: Your mind is very acute. (Int +8, Str/Dex
                  | -2) [Jiyva's grace]
 38619 | WizLab   | Gained mutation: You have a small jelly attached to you
                  | that may absorb projectiles. [Jiyva's grace]
 38619 | WizLab   | Gained mutation: You are strong-willed. (Will+) [Jiyva's
                  | grace]
 38619 | WizLab   | Found a transporter.
 38619 | WizLab   | Found a transporter.
 38631 | WizLab   | Found a transporter.
 38631 | WizLab   | Found a transporter.
 38676 | WizLab   | Found a transporter.
 38696 | Abyss:2  | Cast into level 2 of the Abyss (rakshasa)
 39074 | WizLab   | Escaped the Abyss
 39211 | WizLab   | Identified the +1 cloak of the Constellations {Str+2}
 39249 | WizLab   | HP: 2/185 [eldritch tentacle (26)]
 39372 | WizLab   | Identified the +0 cloak "Cyuc" {rCorr Str+6 Int+3 Dex-2}
 39531 | Depths:2 | Found a one-way gateway to a ziggurat.
 39811 | Depths:2 | Identified the ring "Womekhe" {rF+ Int+2}
 39870 | Depths:2 | Found a one-way gate leading to the halls of Pandemonium.
 39970 | Depths:2 | Found Xygh's Book Boutique.
 40571 | Depths:3 | Reached skill level 23 in Armour
 40731 | Depths:3 | Found a one-way gate to the infinite horrors of the Abyss.
 40777 | Depths:3 | Reached XP level 20. HP: 102/195 MP: 19/19
 40794 | Depths:3 | Found Huirgh's Humungous Hoard.
 40795 | Depths:3 | Lost mutation: You have a pair of large horns on your head.
                  | [Jiyva's grace]
 40795 | Depths:3 | Lost mutation: Your flesh is very cold resistant. (rC++)
                  | [Jiyva's grace]
 40795 | Depths:3 | Lost mutation: You are strong-willed. (Will+) [Jiyva's
                  | grace]
 40795 | Depths:3 | Gained mutation: You are covered in slimy tendrils that may
                  | disarm your opponents. [Jiyva's grace]
 40795 | Depths:3 | Gained mutation: You have a small jelly attached to you
                  | that senses nearby items. [Jiyva's grace]
 40795 | Depths:3 | Gained mutation: You have large cloven feet. [Jiyva's
                  | grace]
 40795 | Depths:3 | Gained mutation: You have hoof-like feet. [Jiyva's grace]
 40835 | Depths:3 | Bought 2 potions of heal wounds for 180 gold pieces
 40876 | Depths:3 | Noticed a caustic shrike
 40876 | Depths:3 | Noticed a golden dragon
 40876 | Depths:3 | Noticed a juggernaut
 40894 | Depths:3 | Killed a golden dragon
 40942 | Depths:3 | Slimified a juggernaut
 40942 | Depths:3 | a juggernaut changed into an azure jelly
 41116 | Depths:3 | Noticed Norris
 41131 | Depths:3 | Killed Norris
 41260 | Depths:3 | Killed a caustic shrike
 41298 | Depths:3 | Found an iron altar of Okawaru.
 41468 | Depths:3 | Identified the staff of Fedhas's Delight {rF+ rC+ Fire Ice}
 41470 | Depths:3 | Got the Tome of Phantasms
 41472 | Depths:3 | Identified the staff of the Bear {rF+ Int+2 Tloc Fire}
 41594 | Depths:4 | Entered Level 4 of the Depths
 41699 | Depths:4 | Noticed a bone dragon
 41789 | Depths:4 | Noticed a juggernaut
 41804 | Depths:4 | Killed a juggernaut
 42155 | Depths:4 | Noticed a bone dragon
 42173 | Depths:4 | Killed a bone dragon
 42473 | D:10     | Killed Phlounder's ghost
 43131 | Swamp:4  | Paralysed by a fenstrider witch for 4 turns
 43342 | Swamp:4  | Got a decaying rune of Zot
 43478 | Swamp:1  | Killed Louise
 44402 | Vaults:1 | Reached XP level 21. HP: 190/204 MP: 20/20
 44552 | Vaults:2 | Lost mutation: You have hoof-like feet. [Jiyva's grace]
 44552 | Vaults:2 | Lost mutation: Your mind is very acute. (Int +8, Str/Dex
                  | -2) [Jiyva's grace]
 44552 | Vaults:2 | Lost mutation: You have a small jelly attached to you that
                  | may absorb projectiles. [Jiyva's grace]
 44552 | Vaults:2 | Gained mutation: Your melee attacks may engulf your foes in
                  | ooze. [Jiyva's grace]
 44552 | Vaults:2 | Gained mutation: Your movements are slightly less
                  | encumbered by armour. (ER -2) [Jiyva's grace]
 44552 | Vaults:2 | Gained mutation: Your movements are less encumbered by
                  | armour. (ER -4) [Jiyva's grace]
 44552 | Vaults:2 | Gained mutation: Your movements are significantly less
                  | encumbered by armour. (ER -6) [Jiyva's grace]
 44725 | Vaults:2 | Killed from afar by a tengu reaver

Illustrated notes

Levels and vault maps discovered:
D:1:      roderic_octagonal_star, layout_basic, grunt_decor_mini_mirrors
D:2:      layout_basic
D:3:      layout_loops_ring, minmay_lizard_king
D:4:      layout_loops_ring, nicolae_overflow_hidden_temple,
          lemuel_coloured_pillars_altar, mainiacjoe_overflow_catch_the_wave,
          temple_pool_b, uniq_robin
D:5:      layout_cave_pods, lemuel_tele_altar, lemuel_round_altar
D:6:      minmay_skewed_foursquare, layout_gridville, slow_altar_2,
          mainiacjoe_overflow_alcove_1, yredelemnul_altar_generic,
          dreamdust_gnoll_farm
D:7:      layout_gridville, mainiacjoe_overflow_boulevard,
          eat_drink_and_be_merry_uskayaw, st_stairs_14
D:8:      layout_loops_ring, zin_purify, lemuel_round_altar,
          mainiacjoe_overflow_alcove_4, serial_co_window_serial,
          co_window_corner_a, co_window_paths_a, co_window_paths_a,
          co_window_paths_a, co_window_paths_a, co_window_corner_a,
          co_window_corner_b, co_window_paths_c, co_window_corner_ca,
          co_window_broadway_c, co_window_corner_cb, co_window_sun,
          co_window_paths_e, glass_columns_a, glass_columns_a, glass_columns_a,
          enter_bailey_2
D:9:      layout_basic, nzn_makhleb_speed_demon
D:10:     layout_long_grid, grunt_lair_entry_orc_guard_hut,
          hellmonk_ghost_big_iron
D:11:     layout_rooms, portal_ice_cave_entry_imps,
          ploomutoo_gammafunk_ghost_potion_laboratory
D:12:     layout_loops_ring, orc_0_dummy, minmay_crystal_room, uniq_jorgrun
D:13:     layout_basic, david_vaults_3, serial_shops, nicolae_shop_stone,
          uniq_rupert, uniq_azrael
D:14:     layout_loops_ring, nicolae_trove_entry_crossroad,
          grunt_gozag_breadcrumbs, gauntlet_entry_generic, uniq_josephine
D:15:     hangedman_depths_entry_civil_slaughter, layout_loops_ring,
          serial_shops, shop, minivault_25_ag
Lair:1:   layout_cave_pods, nicolae_quartered_pool_impasse, uniq_erica
Lair:2:   layout_gridlike, nicolae_snake_entry_squirm, grunt_megastairs_4,
          uniq_fannar, uniq_amaemon, uniq_harold
Lair:3:   nzn_winding_woodlands_small [nzn_winding_woodlands_5x15_jagged,
          nzn_winding_woodlands_center_triple_pond,
          nzn_winding_woodlands_5x15_pathside_ponds], layout_long_grid,
          swamp_mist, special_room [special_room_mythical_zoo]
Lair:4:   layout_roguey, slime_entry_1, chequers_serial_rivers_large_a,
          beast_lair_carwin_1, serial_bayou_shore_a, infiniplex_staircase_pool_2
Lair:5:   due_jungle_book, layout_big_grid, minivault_11,
          amcnicky_mini_pool_medium
Swamp:1:  layout_basic_swamp, serial_swamp_ruin, evilmike_swamp_ruin_house_4,
          evilmike_swamp_ruin_rubble_1, uniq_kirke, uniq_louise
Swamp:2:  layout_falls_marsh, hangedman_swamp_lotus
Swamp:3:  cheibrodos_swamp_monstrosity, layout_basic_swamp,
          evilmike_swamp_ruin_house_1, uniq_mara, uniq_bai_suzhen
Swamp:4:  nzn_swamp_witches_coven, layout_basic_swamp, swamp_pool_1_2,
          uniq_donald
Snake:1:  layout_basic, grunt_ministairs_14, fake_guardian_serpent_vault
Snake:2:  layout_cave_pods
Snake:3:  layout_grid_shapes, st_stairs_13, grunt_megastairs_3
Snake:4:  minmay_snake_end_coiled, layout_cave_pods, serial_shops,
          nicolae_shop_peninsula, nrook_loot_triangle
Slime:1:  layout_caves
Slime:2:  layout_caves, cheibrodos_slime_lost_civilization_4
Slime:3:  layout_caves
Slime:4:  layout_caves, basic_altar, nicolae_slime_crime_time
Slime:5:  slime_pit_nicolae_jellycorners
Orc:1:    layout_diamond_mine
Orc:2:    grunt_orc_gardens, layout_caves, grunt_orc_garden, grunt_orc_garden,
          grunt_orc_garden, grunt_orc_garden, serial_shops,
          nicolae_shop_gibbet_a_chance
Elf:1:    layout_loops_cross, gammafunk_ghost_split, hangedman_corner_corridor,
          amcnicky_mini_rare_corridor_liquid, drop_trap,
          nicolae_elf_glassroom_feature
Elf:2:    elven_hall_of_blades_hangedman_alternative
          [nicolae_blade_entry_floor_patterns], layout_geoelf_grid, drop_trap,
          serial_sigils_hangedman_carve
Vaults:1: v_alt_pattern_1, v_misc_11, nicolae_vaults_diagonal_hallway_8,
          st_hourglassy, v_misc_2, vaults_mumra_hexcomb, ontoclasm_vaults_chip,
          v_alt_pattern_4, nicolae_vaults_network_s,
          vaults_standard_mumra_enter_the_diamond, layout_vaults_maze_snakey,
          uniq_nikola
Vaults:2: nicolae_vaults_three_branches, st_quartered_hall,
          minmay_crypt_entry_simple_box, nicolae_vaults_sesquioval_fish,
          ontoclasm_vaults_shuriken, vaults_room_door_ring,
          nicolae_vaults_tetromino_Z_2, layout_vaults_omnigrid
Depths:1: layout_cave_shapes, fedhas_altar_3, hell_entry,
          kennysheep_windowed_goal, minmay_shop_grove
Depths:2: minmay_the_grid_square_5x5_4x4 [minmay_the_grid_square_5x5_shrine2,
          minmay_the_grid_square_5x5_broken_cross,
          minmay_the_grid_square_5x5_gyroscope,
          minmay_the_grid_square_5x5_inner_z,
          minmay_the_grid_square_5x5_inner_v,
          minmay_the_grid_square_5x5_prize_snowflake,
          minmay_the_grid_square_5x5_prize_pseudospiral,
          minmay_the_grid_square_5x5_two_small,
          minmay_the_grid_square_5x5_intrusive_squares,
          minmay_the_grid_square_5x5_prize_open,
          minmay_the_grid_square_5x5_prize_waves,
          minmay_the_grid_square_5x5_hollow_slash,
          minmay_the_grid_square_5x5_percent,
          minmay_the_grid_square_5x5_three_small,
          minmay_the_grid_square_5x5_fat_x, minmay_the_grid_square_5x5_z],
          layout_cave_shapes, enter_ziggurat_f, minmay_misc_feat_rugged,
          mu_enter_wizlab_2, rand_demon_pan_entry_8, serial_shops,
          nicolae_book_shop_shelving, hell_entry, infiniplex_staircase_zigzag_1
Depths:3: minmay_inner_zag, layout_cave_shapes, hell_entry,
          okawaru_ov_weapons_minmay, abyss_entry_glasseish,
          nicolae_alphabet_shops, drop_trap, statue_in_the_mist_lemuel,
          minmay_checkered_concentric_circles, firewood_loft,
          infiniplex_staircase_pool_lava, uniq_norris
Depths:4: evilmike_zot_entry_castle, layout_gridlike, pan_entry, hell_entry

Skill      XL: |  1  2  3  4  5  6  7  8  9 10 11 12 13 14 15 16 17 18 19 20 |
---------------+-------------------------------------------------------------+-----
Dodging        | 1 2 3 4 6 7 9 11 12 13 | 13.4
Fighting       | 4 5 6 8 10 11 12 14 16 17 18 19 20 21 | 21.0
Long Blades    | 3 4 5 6 7 9 11 13 15 16 17 18 19 20 21 | 21.4
Armour         | 4 5 6 8 10 11 13 15 16 18 19 20 21 22 23 | 23.9
Shields        | 4 6 9 12 14 15 17 18 19 | 19.3
Short Blades   | 4 9 13 14 | 14.7

Action                     |  1- 3 |  4- 6 |  7- 9 | 10-12 | 13-15 | 16-18 | 19-21 || total
---------------------------+-------+-------+-------+-------+-------+-------+-------++-------
  Melee: Long sword        |    81 |   138 |   400 |   517 |   958 |  1456 |  1359 ||  4909
         Headbutt          |     9 |    28 |   114 |   138 |   403 |   464 |   479 ||  1635
         Punch             |     1 |       |     7 |     8 |       |       |       ||    16
         Great sword       |       |       |    34 |       |       |       |       ||    34
         Scimitar          |       |       |       |    70 |   375 |       |       ||   445
  Throw: Dart              |       |     1 |    17 |     7 |     5 |       |       ||    30
 Invoke: Slimify           |       |       |       |       |       |     4 |     4 ||     8
  Evoke: Wand              |       |       |     6 |     3 |       |     6 |       ||    15
         Box of beasts     |       |       |       |     2 |       |     1 |     1 ||     4
    Use: Scroll            |       |     2 |     6 |    12 |    15 |     6 |     6 ||    47
         Potion            |       |       |     5 |     3 |     5 |     2 |     2 ||    17
   Stab: Invisible         |       |       |       |       |     6 |       |    17 ||    23
         Distracted        |       |       |       |       |     1 |     2 |     2 ||     5
         Fleeing           |       |       |       |       |       |     1 |       ||     1
 Armour: Scale mail        |    59 |    94 |   220 |       |       |       |       ||   373
         Chain mail        |       |       |   104 |    16 |   298 |   848 |   785 ||  2051
         Ring mail         |       |       |       |   534 |   353 |       |       ||   887
  Dodge: Dodged            |    56 |    89 |   276 |   422 |   709 |   619 |   627 ||  2798
  Block: Other             |       |    28 |   114 |   119 |     2 |       |       ||   263
         Reflection        |       |     1 |     3 |    10 |    23 |   104 |    14 ||   155
         Buckler           |       |       |       |       |   780 |   972 |   727 ||  2479

Table legend: (Time is in decaauts)
 A = Elapsed time spent in this place.
 B = Non-inter-level travel time spent in this place.
 C = Inter-level travel time spent in this place.
 D = Time resting spent in this place.
 E = Time spent auto-exploring this place.
 F = Levels seen in this place.
 G = Mean time per level.
                   A        B        C        D        E       F      G
               +--------+--------+--------+--------+--------+-----+--------+
         Total |  43714 |  40448 |   3266 |   2448 |  24082 |  49 |  892.1 |
       Dungeon |  16725 |  15518 |   1207 |    668 |  10735 |  15 | 1115.0 |
          Lair |   9612 |   8567 |   1045 |   1099 |   5503 |   5 | 1922.4 |
         Swamp |   2564 |   2374 |    190 |     68 |   1058 |   4 |  641.0 |
     Snake Pit |   3865 |   3519 |    346 |     30 |   2007 |   4 |  966.2 |
    Slime Pits |    183 |    157 |     26 |      0 |      9 |   5 |   36.6 |
  Orcish Mines |   2294 |   2200 |     94 |    259 |   1143 |   2 | 1147.0 |
   Elven Halls |   1158 |   1072 |     86 |      0 |    600 |   2 |  579.0 |
        Vaults |   1146 |   1118 |     28 |      0 |    644 |   2 |  573.0 |
        Depths |   4008 |   3767 |    241 |     59 |   2192 |   4 | 1002.0 |
         Abyss |    338 |    338 |      0 |      0 |      7 |   1 |  338.0 |
         Trove |    107 |    107 |      0 |      0 |      0 |   1 |  107.0 |
        Bailey |    432 |    432 |      0 |     20 |      0 |   1 |  432.0 |
      Ice Cave |    271 |    271 |      0 |    190 |      0 |   1 |  271.0 |
        Wizlab |    860 |    860 |      0 |     55 |    183 |   1 |  860.0 |
      Gauntlet |    145 |    145 |      0 |      0 |      0 |   1 |  145.0 |
               +--------+--------+--------+--------+--------+-----+--------+

Top non-repeatable levels by time:
  Lair:2: 2471 daAuts
  Lair:5: 2253 daAuts
  Lair:4: 1739 daAuts
  Lair:3: 1685 daAuts
     D:5: 1607 daAuts
    D:11: 1557 daAuts
    D:13: 1493 daAuts
    D:10: 1471 daAuts
  Lair:1: 1462 daAuts
   Orc:2: 1314 daAuts
     D:7: 1272 daAuts
     D:8: 1261 daAuts
 Snake:4: 1261 daAuts
Depths:2: 1243 daAuts
    D:12: 1149 daAuts
